 Dungeon Crawl Stone Soup version 0.26-a0-631-ged93497179 (webtiles) character file.

Game seed: 17877315117358402313

18 DogServant the Sneak (level 2, -1/17 HPs)
             Began as an Octopode Enchanter on Sept 12, 2020.
             Slain by a leopard gecko (5 damage)
             ... on level 2 of the Dungeon.
             The game lasted 00:01:53 (925 turns).

DogServant the Sneak (Octopode Enchanter)            Turns: 925, Time: 00:01:54

Health: -1/17      AC:  1    Str:  7    XL:     2   Next: 70%
Magic:  5/5        EV: 13    Int: 17    God:
Gold:   98         SH:  0    Dex: 12    Spells: 4/5 levels left

rFire    . . .     SeeInvis .   a - +1 dagger
rCold    . . .     Faith    .   (no shield)
rNeg     . . .     Spirit   .   (helmet restricted)
rPois    .         Reflect  .   (no amulet)
rElec    .         Harm     .   (no ring)
rCorr    .         Rampage  .   (no ring)
MR       .....                  (no ring)
Stlth    ++++......             (no ring)
HPRegen  0.05/turn              (no ring)
MPRegen  0.09/turn              (no ring)
                                (no ring)
                                (no ring)

@: no status effects
A: almost no armour, stealthy swim, amphibious, 8 rings, constrict 8, camouflage
1, gelatinous body 1
a: no special abilities


You were on level 2 of the Dungeon.
You visited 1 branch of the dungeon, and saw 2 of its levels.

You collected 98 gold pieces.

Inventory:

Hand Weapons
 a - a +1 dagger (weapon)
Missiles
 m - 35 poisoned darts (quivered)
Jewellery
 c - an uncursed amulet of the acrobat {unknown}
 h - a cursed amulet of inaccuracy {unknown}
Scrolls
 d - a scroll of enchant armour {unknown}
 i - a scroll of teleportation {unknown}
 l - a scroll of remove curse {unknown}
Potions
 b - a potion of degeneration {unknown}
 e - a potion of lignification {unknown}
 f - 2 potions of heal wounds {unknown}
 g - a potion of haste {unknown}
 j - a potion of mutation {unknown}
 k - a potion of brilliance {unknown}
 n - a potion of curing {unknown}


   Skills:
 - Level 1.0 Short Blades
 - Level 2.0 Dodging
 * Level 4.8 Stealth
 + Level 2.2 Spellcasting
 + Level 3.2 Hexes


You had 4 spell levels left.
You knew the following spells:

 Your Spells              Type           Power        Failure   Level
a - Corona                Hex            ##.....      4%          1

Your spell library contained the following spells:

 Spells                   Type           Power        Failure   Level
 Ensorcelled Hibernation  Hex/Ice        #.....       14%         2
 Confusing Touch          Hex            ##......     16%         3
 Tukima's Dance           Hex            ##......     16%         3
 Dazzling Flash           Conj/Hex       #.....       28%         3


Dungeon Overview and Level Annotations

Branches:
Dungeon (2/15)

Altars:


Innate Abilities, Weirdness & Mutations

You cannot wear most types of armour.
You are very stealthy in the water. (Stealth+)
You are amphibious.
You can wear up to eight rings at the same time.
You can use your tentacles to constrict eight enemies at once.
Your skin changes colour to match your surroundings (Stealth+).
Your rubbery body absorbs attacks. (AC +1, EV +1)


Message History

The leopard gecko hisses angrily.
The kobold shouts!
You hit the kobold but do no damage. Your grab misses the kobold.
The kobold hits you but does no damage.
You hit the kobold but do no damage. You grab the kobold.
You constrict the kobold, but do no damage.
The leopard gecko misses you.
The kobold hits you with a +0 short sword.
The leopard gecko barely misses you.
You release your grip on the kobold.
A leopard gecko comes into view.
You closely miss the leopard gecko.
The leopard gecko hisses angrily.
Your grab misses the leopard gecko. The leopard gecko barely misses you.
The kobold hits you with a +0 short sword.
The leopard gecko bites you.
* * * LOW HITPOINT WARNING * * *
You see here 19 stones.
The leopard gecko bites you.
You die...

........#.## #.#
#.......'.. ........#..#
#.# ##.)....# ........#..#
#.# #.......#
.......##..###.# #.......#
....#####...##.###..l###.#
....# #.#.##...........#
....# #.#..#...K...#####
....# #.##.#...l(..#
....#####'##....@....#
###........##..#######
#........##..#
#........##..#
#........##..#
#...........>#
#.............
#........##### ##.......#


You could see 2 leopard geckos and a kobold.

Vanquished Creatures
  A dart slug (D:1)
  5 bats (D:1)
  A giant cockroach (D:1)
  2 goblins (D:1)
  3 kobolds
  2 frilled lizards (D:1)
  A rat (D:1)
15 creatures vanquished.

Notes
Turn   | Place    | Note
-------+----------+-------------------------------------------
     0 | D:1      | DogServant the Octopode Enchanter began the quest for the
                  | Orb.
     0 | D:1      | Reached XP level 1. HP: 11/11 MP: 3/3
   304 | D:1      | Reached XP level 2. HP: 17/17 MP: 5/5
   925 | D:2      | Slain by a leopard gecko

Illustrated notes

Levels and vault maps discovered:
D:1:      enne_arrival_octagon_isle, layout_basic
D:2:      layout_basic, okawaru_metal_pillars_1_2

Action                   || total
-------------------------++-------
Melee: Dagger            ||    28
       Constrict         ||     6
       Tentacles         ||     2
 Stab: Sleeping          ||     9
Armor: Skin              ||     1
Dodge: Dodged            ||    13

Table legend: (Time is in decaauts)
 A = Elapsed time spent in this place.
 B = Non-inter-level travel time spent in this place.
 C = Inter-level travel time spent in this place.
 D = Time resting spent in this place.
 E = Time spent auto-exploring this place.
 F = Levels seen in this place.
 G = Mean time per level.
                   A        B        C        D        E       F      G
               +--------+--------+--------+--------+--------+-----+--------+
         Total |    923 |    891 |     32 |      0 |    755 |   2 |  461.5 |
       Dungeon |    923 |    891 |     32 |      0 |    755 |   2 |  461.5 |
               +--------+--------+--------+--------+--------+-----+--------+

Top non-repeatable levels by time:
     D:1: 825 daAuts
     D:2: 98 daAuts
